SL
LAS VEGAS FLAMINGOS @ NEW AMSTERDAM REPUBLICS
05/26/2019
 
TOP OF THE 1ST
Las Vegas Flamingos batting - Pitching for New Amsterdam Republics : RHP Jung-hoon Kim
Pitching: RHP Jung-hoon Kim
Batting: RHB Bill Taylor 0-0: Ball
1-0: Called Strike
1-1: Ball
2-1: Called Strike
2-2: Ground out 6-3 (Groundball, 6)
Batting: RHB David Gómez 0-0: Ball
1-0: Ball
2-0: Ball
3-0: Called Strike
3-1: Foul Ball, location: 2F
3-2: Strikes out swinging
Batting: LHB José Meléndez 0-0: Ball
1-0: Fly out, F8 (Flyball, 8RXD)
Top of the 1st over - 0 run(s), 0 hit(s), 0 error(s), 0 left on base; Las Vegas 0 - New Amsterdam 0
BOTTOM OF THE 1ST
New Amsterdam Republics batting - Pitching for Las Vegas Flamingos : LHP Fernando Rivero
Pitching: LHP Fernando Rivero
Batting: RHB Doug Reed 0-0: Ball
1-0: Foul Ball, location: 2F
1-1: Bunt for hit - play at first, batter safe!
Batting: RHB Ronald Shelton 0-0: Called Strike
0-1: Ball
1-1: Foul Ball, location: 2F
1-2: 2-RUN HOME RUN (Flyball, 7LD), Distance : 366 ft
Batting: RHB Carlos Ortega 0-0: Ball
1-0: Fly out, F9 (Line Drive, 9M)
Batting: LHB Steve Ingram 0-0: Called Strike
0-1: Foul Ball, location: 2F
0-2: Ball
1-2: Fly out, F9 (Flyball, 9M)
Batting: RHB Porter Martínez 0-0: Swinging Strike
0-1: Ball
1-1: Ball
2-1: Ball
3-1: DOUBLE (Line Drive, 8RD)
Batting: RHB Tim Robinson 0-0: Ground out 6-3 (Groundball, 6MD)
Bottom of the 1st over - 2 run(s), 3 hit(s), 0 error(s), 1 left on base; Las Vegas 0 - New Amsterdam 2
TOP OF THE 2ND
Las Vegas Flamingos batting - Pitching for New Amsterdam Republics : RHP Jung-hoon Kim
Batting: RHB Terry Sylvester 0-0: Ball
1-0: Called Strike
1-1: Ball
2-1: Called Strike
2-2: Ground out 6-3 (Groundball, 6)
Batting: RHB Floyd Mitchell 0-0: Ground out 6-3 (Groundball, 6)
Batting: LHB Robert Bond 0-0: Ball
1-0: Swinging Strike
1-1: Ball
2-1: Foul Ball, location: 2F
2-2: Ball
3-2: Base on Balls
Batting: RHB Jeff Young 0-0: Ball
1-0: Called Strike
1-1: Ball
2-1: Ball
Reached via error on a dropped throw, E3
Robert Bond to second
Batting: RHB Matt Sheppard 0-0: Ball
1-0: Swinging Strike
1-1: Ball
2-1: Ball
3-1: DOUBLE (Line Drive, 8LM)
Robert Bond scores
Jeff Young to third
Batting: LHB Fernando Rivero 0-0: Ball
1-0: Foul Ball, location: 2F
1-1: Swinging Strike
1-2: Ball
2-2: SINGLE (Groundball, 4MD)
Jeff Young scores
Matt Sheppard to third
Runner from 3rd tries for Home, SAFE, no throw or cutoff
Batting: RHB Bill Taylor 0-0: Ball
1-0: Called Strike
1-1: Fly out, F9 (Flyball, 89M)
Top of the 2nd over - 3 run(s), 2 hit(s), 1 error(s), 1 left on base; Las Vegas 3 - New Amsterdam 2
BOTTOM OF THE 2ND
New Amsterdam Republics batting - Pitching for Las Vegas Flamingos : LHP Fernando Rivero
Batting: RHB Francisco Gonzáles 0-0: Called Strike
0-1: Ball
1-1: TRIPLE (Line Drive, 89D)
Batting: RHB Roy Clay 0-0: Ground out 6-3 (Groundball, 6M)
Francisco Gonzáles scores
Batting: RHB Jung-hoon Kim 0-0: Called Strike
0-1: Ball
1-1: Ball
2-1: Foul Ball, location: 2F
2-2: Strikes out swinging
Batting: RHB Doug Reed 0-0: Foul Ball, location: 2F
0-1: DOUBLE (Line Drive, 7LS)
Batting: RHB Ronald Shelton 0-0: Ball
1-0: Called Strike
1-1: SINGLE (Line Drive, 56)
Doug Reed to third
Runner from 3rd tries for Home, SAFE, no throw or cutoff
Batting: RHB Carlos Ortega 0-0: Called Strike
0-1: Ball
1-1: SINGLE (Line Drive, 89S)
Ronald Shelton to second
Batting: LHB Steve Ingram 0-0: Swinging Strike
0-1: Called Strike
0-2: Ball
1-2: Strikes out looking
Bottom of the 2nd over - 2 run(s), 4 hit(s), 0 error(s), 2 left on base; Las Vegas 3 - New Amsterdam 4
TOP OF THE 3RD
Las Vegas Flamingos batting - Pitching for New Amsterdam Republics : RHP Jung-hoon Kim
Batting: RHB David Gómez 0-0: Called Strike
0-1: Foul Ball, location: 2F
0-2: Strikes out swinging
Batting: LHB José Meléndez 0-0: Ground out 6-3 (Groundball, 6)
Batting: RHB Terry Sylvester 0-0: Called Strike
0-1: Foul Ball, location: 2F
0-2: Strikes out looking
Top of the 3rd over - 0 run(s), 0 hit(s), 0 error(s), 0 left on base; Las Vegas 3 - New Amsterdam 4
BOTTOM OF THE 3RD
New Amsterdam Republics batting - Pitching for Las Vegas Flamingos : LHP Fernando Rivero
Batting: RHB Porter Martínez 0-0: Ball
1-0: Foul Ball, location: 2F
1-1: Ball
2-1: SOLO HOME RUN (Flyball, 78XD), Distance : 418 ft
Batting: RHB Tim Robinson 0-0: Ball
1-0: Called Strike
1-1: Swinging Strike
1-2: Ball
2-2: Ball
3-2: DOUBLE (Flyball, 8RXD)
Batting: RHB Francisco Gonzáles 0-0: Ball
1-0: Called Strike
1-1: Foul Ball, location: 2F
1-2: Ball
2-2: SINGLE (Groundball, 13) (infield hit)
Tim Robinson to third
Batting: RHB Roy Clay 0-0: Ball
1-0: Ball
2-0: Called Strike
2-1: Ball
3-1: Grounds into double play, 1-6-3 (Groundball, 13S)
Batting: RHB Jung-hoon Kim 0-0: Called Strike
0-1: Ball
1-1: Foul Ball, location: 2F
1-2: Ball
2-2: Ball
3-2: Foul Ball, location: 2F
3-2: Base on Balls
Batting: RHB Doug Reed 0-0: SINGLE (Flyball, 9LS)
Tim Robinson scores
Jung-hoon Kim to second
Pitching: RHP Bob Warford
Batting: RHB Ronald Shelton 0-0: Called Strike
0-1: Ball
1-1: Ball
2-1: Ground out 4-3 (Groundball, 4S)
Bottom of the 3rd over - 2 run(s), 4 hit(s), 0 error(s), 2 left on base; Las Vegas 3 - New Amsterdam 6
TOP OF THE 4TH
Las Vegas Flamingos batting - Pitching for New Amsterdam Republics : RHP Jung-hoon Kim
Batting: RHB Floyd Mitchell 0-0: Called Strike
0-1: Ball
1-1: Fly out, F8 (Flyball, 8LXD)
Batting: LHB Robert Bond 0-0: Swinging Strike
0-1: Foul Ball, location: 2F
0-2: Ball
1-2: Strikes out swinging
Batting: RHB Jeff Young 0-0: Ball
1-0: Called Strike
1-1: Swinging Strike
1-2: Strikes out swinging
Top of the 4th over - 0 run(s), 0 hit(s), 0 error(s), 0 left on base; Las Vegas 3 - New Amsterdam 6
BOTTOM OF THE 4TH
New Amsterdam Republics batting - Pitching for Las Vegas Flamingos : RHP Bob Warford
Batting: RHB Carlos Ortega 0-0: Ball
1-0: Called Strike
1-1: Called Strike
1-2: Ground out 1-3 (Groundball, 13)
Batting: LHB Steve Ingram 0-0: Ball
1-0: TRIPLE (Flyball, 89XD)
Batting: RHB Porter Martínez 0-0: Ball
1-0: Called Strike
1-1: Ball
2-1: Foul Ball, location: 2F
2-2: Strikes out swinging
Batting: RHB Tim Robinson 0-0: Called Strike
0-1: Swinging Strike
0-2: Strikes out swinging
Bottom of the 4th over - 0 run(s), 1 hit(s), 0 error(s), 1 left on base; Las Vegas 3 - New Amsterdam 6
TOP OF THE 5TH
Las Vegas Flamingos batting - Pitching for New Amsterdam Republics : RHP Jung-hoon Kim
Batting: RHB Matt Sheppard 0-0: Ball
1-0: Called Strike
1-1: Swinging Strike
1-2: Foul Ball, location: 2F
1-2: Strikes out looking
Batting: RHB Bob Warford 0-0: Swinging Strike
0-1: Swinging Strike
0-2: Ball
1-2: Strikes out looking
Batting: RHB Bill Taylor 0-0: Called Strike
0-1: Foul Ball, location: 2F
0-2: Strikes out swinging
Top of the 5th over - 0 run(s), 0 hit(s), 0 error(s), 0 left on base; Las Vegas 3 - New Amsterdam 6
BOTTOM OF THE 5TH
New Amsterdam Republics batting - Pitching for Las Vegas Flamingos : RHP Bob Warford
Batting: RHB Francisco Gonzáles 0-0: Fly out, F8 (Flyball, 8LM)
Batting: RHB Roy Clay 0-0: Ball
1-0: Swinging Strike
1-1: Swinging Strike
1-2: Foul Ball, location: 2F
1-2: Foul Ball, location: 2F
1-2: Strikes out swinging
Batting: RHB Jung-hoon Kim 0-0: Ball
1-0: Ball
2-0: Ball
3-0: Called Strike
3-1: Base on Balls
Batting: RHB Doug Reed 0-0: Called Strike
0-1: Foul Ball, location: 2F
0-2: Strikes out swinging
Bottom of the 5th over - 0 run(s), 0 hit(s), 0 error(s), 1 left on base; Las Vegas 3 - New Amsterdam 6
TOP OF THE 6TH
Las Vegas Flamingos batting - Pitching for New Amsterdam Republics : RHP Jung-hoon Kim
Batting: RHB David Gómez 0-0: Ball
1-0: Foul Ball, location: 2F
1-1: SOLO HOME RUN (Flyball, 9LD), Distance : 347 ft
Batting: LHB José Meléndez 0-0: Ball
1-0: Foul Ball, location: 2F
1-1: Ball
2-1: Swinging Strike
2-2: Foul Ball, location: 2F
2-2: Ball
3-2: Foul Ball, location: 2F
3-2: Strikes out looking
Batting: RHB Terry Sylvester 0-0: Called Strike
0-1: Ball
1-1: Ball
2-1: Called Strike
2-2: Strikes out swinging
Batting: RHB Floyd Mitchell 0-0: Ball
1-0: Ball
2-0: Foul Ball, location: 2F
2-1: Ball
3-1: Foul Ball, location: 2F
3-2: Strikes out swinging
Top of the 6th over - 1 run(s), 1 hit(s), 0 error(s), 0 left on base; Las Vegas 4 - New Amsterdam 6
BOTTOM OF THE 6TH
New Amsterdam Republics batting - Pitching for Las Vegas Flamingos : RHP Bob Warford
Batting: RHB Ronald Shelton 0-0: Called Strike
0-1: Ball
1-1: Ball
2-1: Ball
3-1: Base on Balls
Batting: RHB Carlos Ortega 0-0: Called Strike
0-1: DOUBLE (Line Drive, 8RXD)
Ronald Shelton to third
Runner from 3rd tries for Home, SAFE, throw made at trailing runner, OUT at third!
Batting: LHB Steve Ingram 0-0: Foul Ball, location: 2F
0-1: Ball
1-1: Ground out 4-3 (Groundball, 4)
Batting: RHB Porter Martínez 0-0: Ball
1-0: Ball
2-0: Called Strike
2-1: Ball
3-1: Base on Balls
Batting: RHB Tim Robinson 0-0: Ball
1-0: Foul Ball, location: 2F
1-1: Called Strike
1-2: Ball
2-2: SINGLE (Groundball, 56D)
Porter Martínez to second
Batting: RHB Francisco Gonzáles 0-0: Ball
1-0: Ball
2-0: Foul Ball, location: 2F
2-1: Foul Ball, location: 2F
2-2: Fly out, F8 (Flyball, 89D)
Bottom of the 6th over - 1 run(s), 2 hit(s), 0 error(s), 2 left on base; Las Vegas 4 - New Amsterdam 7
TOP OF THE 7TH
Las Vegas Flamingos batting - Pitching for New Amsterdam Republics : RHP Jung-hoon Kim
Batting: LHB Robert Bond 0-0: Ball
1-0: Swinging Strike
1-1: Fly out, F9 (Flyball, 9D)
Batting: RHB Jeff Young 0-0: Swinging Strike
0-1: SINGLE (Flyball, 7LM)
Pitching: RHP Decheng Sun
Now at 2B: William Gaines
Batting: RHB Matt Sheppard 0-0: Ball
1-0: DOUBLE (Groundball, 5L)
Jeff Young to third
Pinch Hitting: SHB Stephen Baldwin 0-0: Called Strike
0-1: Called Strike
0-2: Ball
1-2: Strikes out swinging
Batting: RHB Bill Taylor 0-0: Foul Ball, location: 2F
0-1: Foul Ball, location: 2F
0-2: Foul Ball, location: 2F
0-2: Strikes out looking
Top of the 7th over - 0 run(s), 2 hit(s), 0 error(s), 2 left on base; Las Vegas 4 - New Amsterdam 7
BOTTOM OF THE 7TH
New Amsterdam Republics batting - Pitching for Las Vegas Flamingos : RHP Bob Warford
Pitching: RHP John Dodson
Batting: RHB Roy Clay 0-0: Ground out 2-3 (Groundball, 2L)
Batting: RHB William Gaines 0-0: DOUBLE (Flyball, 7D)
Batting: RHB Doug Reed 0-0: Ball
William Gaines steals 3rd base
1-0: Called Strike
1-1: Ground out 4-3 (Groundball, 4)
Batting: RHB Ronald Shelton 0-0: Foul Ball, location: 2F
0-1: SINGLE (Groundball, 4MD)
William Gaines scores
Batting: RHB Carlos Ortega Pickoff Throw to First - Out!
Bottom of the 7th over - 1 run(s), 2 hit(s), 0 error(s), 0 left on base; Las Vegas 4 - New Amsterdam 8
TOP OF THE 8TH
Las Vegas Flamingos batting - Pitching for New Amsterdam Republics : RHP Decheng Sun
Batting: RHB David Gómez 0-0: Ball
1-0: Called Strike
1-1: Fly out, F8 (Flyball, 8RXD)
Now in CF: José Ramírez
Batting: LHB José Meléndez 0-0: DOUBLE (Groundball, 3L)
Batting: RHB Terry Sylvester 0-0: Ball
1-0: Fly out, F8 (Flyball, 8LM)
Batting: RHB Floyd Mitchell 0-0: Foul Ball, location: 2F
0-1: Called Strike
0-2: Foul Ball, location: 2F
0-2: Ball
1-2: Ball
2-2: Ball
3-2: Foul Ball, location: 2F
3-2: Foul Ball, location: 2F
3-2: Fly out, F5 (Popup, 5SF)
Top of the 8th over - 0 run(s), 1 hit(s), 0 error(s), 1 left on base; Las Vegas 4 - New Amsterdam 8
BOTTOM OF THE 8TH
New Amsterdam Republics batting - Pitching for Las Vegas Flamingos : RHP John Dodson
Batting: RHB Carlos Ortega 0-0: Ball
1-0: Ball
2-0: Called Strike
2-1: Swinging Strike
2-2: Ball
3-2: Base on Balls
Batting: LHB Steve Ingram 0-0: Ball
1-0: Foul Ball, location: 2F
1-1: Ball
2-1: SINGLE (Line Drive, 4M)
Carlos Ortega to second
Batting: RHB Porter Martínez 0-0: Foul Ball, location: 2F
0-1: Ball
1-1: Ball
2-1: Ball
3-1: Fly out, F8 (Flyball, 8LD)
Runner from 2nd tags up, SAFE at 3rd, no throw
Pinch Hitting: LHB Emílio Barbán 0-0: Called Strike
0-1: Called Strike
0-2: Fly out, F8 (Flyball, 8LXD)
Runner from 3rd tags up, SCORES, no throw
Batting: RHB José Ramírez 0-0: Ball
1-0: Foul Ball, location: 2F
1-1: Ball
2-1: SINGLE (Groundball, 56D)
Steve Ingram to second
Batting: RHB Roy Clay 0-0: Called Strike
0-1: Ground out 5-3 (Groundball, 5S)
Bottom of the 8th over - 1 run(s), 2 hit(s), 0 error(s), 2 left on base; Las Vegas 4 - New Amsterdam 9
TOP OF THE 9TH
Las Vegas Flamingos batting - Pitching for New Amsterdam Republics : RHP Decheng Sun
Pitching: LHP Stanley Harris
Batting: LHB Robert Bond 0-0: Ball
1-0: Foul Ball, location: 2F
1-1: Ball
2-1: Foul Ball, location: 2F
2-2: Foul Ball, location: 2F
2-2: Ball
3-2: Base on Balls
Batting: RHB Jeff Young 0-0: Ball
1-0: Ball
2-0: Foul Ball, location: 2F
2-1: Swinging Strike
2-2: Strikes out looking
Batting: RHB Matt Sheppard 0-0: Fielders Choice at 2nd, 5-4 (Groundball, 5)
Pinch Hitting: SHB Bill Becker 0-0: Ball
1-0: Called Strike
1-1: Fly out, F7 (Flyball, 78M)
Top of the 9th over - 0 run(s), 0 hit(s), 0 error(s), 1 left on base; Las Vegas 4 - New Amsterdam 9
This league is powered by Out of the Park Baseball, the baseball management simulation game for PC, Mac and Linux
Saturday, July 25th, 2015 - OOTP Baseball 15.6 Build 34